 Dungeon Crawl Stone Soup version 0.23.1 (webtiles) character file.

Game seed: 3598015942631970800

515 OdinFK the Magician (level 7, -1/37 HPs)
             Began as a Deep Elf Fire Elementalist on Mar 2, 2019.
             Slain by Dowan
             ... wielding a +0 hand axe
              (7 damage)
             ... on level 4 of the Dungeon.
             The game lasted 00:14:14 (2577 turns).

OdinFK the Magician (Deep Elf Fire Elementalist)    Turns: 2577, Time: 00:14:15

Health: -1/37      AC:  5    Str:  5    XL:     7   Next: 0%
Magic:  2/16       EV: 14    Int: 22    God:
Gold:   131        SH:  0    Dex: 15    Spells: 9/16 levels left

rFire    . . .     SeeInvis .   q - +1 dagger (drain)
rCold    . . .     Gourm    .   (no shield)
rNeg     . . .     Faith    .   b - +0 robe
rPois    .         Spirit   .   (no helmet)
rElec    .         Reflect  .   (no cloak)
rCorr    .         Harm     .   (no gloves)
MR       .....                  (no boots)
Stlth    ++........             (no amulet)
HPRegen  0.12/turn              e - ring of wizardry
MPRegen  0.15/turn              p - +3 ring of protection

@: no status effects
A: no striking features
a: no special abilities


You were on level 4 of the Dungeon.
You were hungry.

You visited 1 branch of the dungeon, and saw 4 of its levels.

You collected 131 gold pieces.

Inventory:

Hand Weapons
 q - a +1 dagger of draining (weapon)
Armour
 b - a +0 robe (worn)
Jewellery
 e - a ring of wizardry (left hand)
 p - a +3 ring of protection (right hand)
Scrolls
 f - 2 scrolls of remove curse
 j - 3 scrolls of immolation {unknown}
 k - 2 scrolls of enchant weapon {unknown}
 l - a scroll of teleportation {unknown}
 m - a scroll of amnesia {unknown}
Potions
 d - 3 potions of curing
 h - a potion of brilliance
 n - 2 potions of lignification
 o - 2 potions of flight {unknown}
Comestibles
 a - 4 chunks of flesh
 c - 11 rations


   Skills:
 + Level 0.5 Fighting
 + Level 1.1 Short Blades
 + Level 3.9 Dodging
 - Level 3.2 Stealth
 + Level 5.2 Spellcasting
 * Level 4.6 Conjurations
 + Level 5.0 Fire Magic


You had 9 spell levels left.
You knew the following spells:

 Your Spells              Type           Power        Failure   Level  Hunger
a - Flame Tongue          Conj/Fire      ####.        1%          1    None
b - Throw Flame           Conj/Fire      ####..       1%          2    None
c - Conjure Flame         Conj/Fire      ####....     1%          3    ##.....
d - Magic Dart            Conj           ####         1%          1    None

Your spell library contained the following spells:

 Spells                   Type           Power        Failure   Level  Hunger
 Inner Flame              Hex/Fire       ###.....     4%          3    ##.....
 Blink                    Tloc           N/A          6%          2    None
 Call Imp                 Summ           #.......     6%          2    None
 Slow                     Hex            #.......     6%          2    None
 Mephitic Cloud           Conj/Pois/Air  ##......     6%          3    ##.....
 Sticky Flame             Conj/Fire      ####....     6%          4    ####...
 Fireball                 Conj/Fire      ####......   16%         5    #####..


Dungeon Overview and Level Annotations

Branches:
Dungeon (4/15)
 Temple: D:4-7

Altars:
Dithmenos
Fedhas
Hepliaklqana
Ru
Wu Jian
Zin

Annotations:
D:4 Dowan


Message History

Aiming: Flame Tongue (safe; 1% risk of failure)
Press: ? - help, Shift-Dir - straight line, f/p - Dowan
Aim: Dowan, wielding a +0 hand axe and wearing a +1 robe of fire resistance (moderately wounded, fast)
The flame tongue hits Dowan.
Dowan resists.
Dowan is moderately wounded.
Dowan closely misses you. Dowan hits you with a +0 hand axe.
Dowan barely misses you. Dowan barely misses you.
Dowan casts a spell.
Dowan blinks!
Dowan points at you and mumbles some strange words.
The shard of ice hits you!
* * * LOW HITPOINT WARNING * * *
Dowan hits you with a +0 hand axe.
* * * LOW HITPOINT WARNING * * *
Dowan misses you.
There is a stone staircase leading up here.
Dowan hits you with a +0 hand axe!
You die...

# # #. #
#.######################
#..[...)[...............
#......#.###############
8.....8#......#.#.....#
####### .....
#......#)#.....###......
8...8
#.....e@.'.....'........
#>#
##....##.#.....##.......
###
#'....##<#.....##.......
#.#
##....##.#.....###......
#.#
#....##.#......###....[
#.#####....##.##.....#
#.####
#..(.##....##.##.....#
#.#...
#.........###.##.....#
#.#...
#.........###.##.....#
#.###.


You could see Dowan.

Vanquished Creatures
  Duvessa (D:4)
  2 howler monkeys (D:4)
  A crimson imp (D:3)
  Natasha (thrice) (D:4)
  11 gnolls
  6 adders
  An adder skeleton (D:4)
  A worm (D:4)
  2 dart slugs
  An orc (D:3)
  7 bats
  3 giant cockroaches
  7 goblins
  5 hobgoblins
  2 jackals (D:1)
  6 kobolds
  A quokka (D:2)
  2 frilled lizards (D:2)
  A quokka skeleton (D:4)
  7 rats
70 creatures vanquished.

Notes
Turn   | Place    | Note
-------+----------+-------------------------------------------
     0 | D:1      | OdinFK the Deep Elf Fire Elementalist began the quest for
                  | the Orb.
     0 | D:1      | Reached XP level 1. HP: 10/10 MP: 6/6
   100 | D:1      | Reached XP level 2. HP: 8/15 MP: 0/8
   143 | D:1      | Learned a level 2 spell: Throw Flame
   554 | D:2      | Reached XP level 3. HP: 19/19 MP: 3/9
   559 | D:2      | Learned a level 3 spell: Conjure Flame
   927 | D:2      | Reached XP level 4. HP: 22/24 MP: 0/11
  1299 | D:3      | Learned a level 1 spell: Magic Dart
  1429 | D:3      | Found a glowing silver altar of Zin.
  1734 | D:3      | Reached XP level 5. HP: 27/28 MP: 1/12
  1920 | D:3      | Found a sacrificial altar of Ru.
  1923 | D:3      | Found a blossoming altar of Fedhas.
  1923 | D:3      | Found an ornate altar of the Wu Jian Council.
  1936 | D:3      | Found a shadowy altar of Dithmenos.
  1940 | D:3      | Found a hazy altar of Hepliaklqana.
  2063 | D:4      | Noticed Natasha
  2079 | D:4      | Killed Natasha
  2145 | D:4      | Noticed Natasha
  2152 | D:4      | Killed Natasha
  2370 | D:4      | Noticed Natasha
  2373 | D:4      | Reached XP level 6. HP: 32/32 MP: 6/14
  2378 | D:4      | Killed Natasha
  2464 | D:4      | Noticed Dowan
  2540 | D:4      | Noticed Duvessa
  2558 | D:4      | Killed Duvessa
  2558 | D:4      | Reached skill level 1 in Short Blades
  2558 | D:4      | Reached skill level 5 in Spellcasting
  2558 | D:4      | Reached skill level 5 in Fire Magic
  2558 | D:4      | Reached XP level 7. HP: 28/37 MP: 4/16
  2577 | D:4      | Slain by Dowan

Skill      XL: |  1  2  3  4  5  6 |
---------------+-------------------+-----
Fire Magic     | 4 5 |  5.0
Conjurations   | 2 3 4 |  4.6
Stealth        | 3 |  3.2
Dodging        | 3 |  3.9
Spellcasting   | 4 5 |  5.2
Short Blades   | 1 |  1.1
Fighting       | |  0.5

Action                   |  1- 3 |  4- 6 |  7- 9 || total
-------------------------+-------+-------+-------++-------
Melee: Unarmed           |     6 |       |       ||     6
       Dagger            |    38 |    44 |       ||    82
 Cast: Flame Tongue      |    33 |    58 |     6 ||    97
       Throw Flame       |    20 |    36 |       ||    56
       Magic Dart        |       |    15 |       ||    15
       Conjure Flame     |       |     1 |       ||     1
  Use: Scroll            |       |     4 |       ||     4
 Stab: Sleeping          |     5 |     1 |       ||     6
  Eat: Chunk             |     1 |     5 |       ||     6
Armor: Robe              |     9 |    20 |     2 ||    31
Dodge: Dodged            |    38 |    45 |     7 ||    90
